Cogmind - Beta 9.2 @@@ ROGUE MODE // 2019.11.28 @ 11:56:05 Player: Cassie Rose Result: Destroyed by G-47 Trooper with Particle Gun Performance ------------- Evolutions (0) 0 Regions Visited (1) 200 Robots Destroyed (16) 80 Value Destroyed (341) 341 Prototype IDs (0) 0 Alien Tech Used (0) 0 Bonus (0) 0 TOTAL SCORE: 621 Bonus ------- None Cogmind --------- Core Integrity 0/250 Matter 300/300 Energy 238/250 System Corruption 0% Temperature Cool (15) Movement Treading (160) Location -10/Materials Parts ------- > --- POWER (1) -------- Ion Engine > --- PROPULSION (2) --- Light Treads Light Treads > --- UTILITY (2) ------ Sensor Array Improved Terrain Scanner > --- WEAPON (2) ------- EM Pulse Gun EM Pulse Gun > --- INVENTORY (4) ---- Improved Heat Sink Medium Battery (200) Signal Interpreter Peak State ------------ > --- POWER ------------ Light Ion Engine > --- PROPULSION ------- Light Treads Light Treads > --- UTILITY ---------- Sensor Array Improved Terrain Scanner > --- WEAPON ----------- EM Pulse Gun Assault Rifle > --- INVENTORY -------- Small Laser [Rating: 8] Favorites ----------- Power Light Ion Engine Engine Light Ion Engine Propulsion Light Treads Treads Light Treads Utility Improved Terrain Scanner Device Improved Terrain Scanner Weapon EM Pulse Gun Energy Gun EM Pulse Gun Ballistic Gun Assault Rifle Build | -11 -10 ------- Run | Scr Mat Slots Evolved . | . . Power . | . . Propulsion . | . . Utility . | . . Weapon . | . . Parts Attached 17 | 6 11 Power 3 | 1 2 Engine 3 | 1 2 Core . | . . Reactor . | . . Propulsion 4 | 2 2 Treads 4 | 2 2 Leg . | . . Wheel . | . . Hover . | . . Flight . | . . Utility 2 | 1 1 Device 2 | 1 1 Storage . | . . Processor . | . . Hackware . | . . Protection . | . . Artifact . | . . Weapon 8 | 2 6 Energy Gun 6 | 1 5 Energy Cannon . | . . Ballistic Gun 2 | 1 1 Ballistic Cannon . | . . Launcher . | . . Special Weapon . | . . Impact Weapon . | . . Slashing Weapon . | . . Piercing Weapon . | . . Special Melee Weapon . | . . Unidentified Prototypes . | . . Parts Lost 5 | . 5 Power 2 | . 2 Propulsion 2 | . 2 Utility . | . . Weapon 1 | . 1 Highest Loss Streak 3 | . 3 Average Slot Usage (%) 90 | . 90 Engine 11 | . 11 Treads 23 | . 23 Device 27 | . 27 Energy Gun 16 | . 16 Ballistic Gun 10 | . 10 Naked Turns . | . . Heaviest Build 11 | 8 11 Greatest Support 40 | 40 40 Greatest Overweight (x) 3 | . 3 Average Overweight (x) . | . . Largest Inventory Capacity 4 | 4 4 Average Capacity 4 | 4 4 Most Carried 4 | 2 4 Average Carried 2 | . 2 Final Capacity 4 | 4 4 Final Carried 3 | 1 3 Class Distribution -------------------- 100% | Mutant Dominant Class ---------------- Mutant | -10/Materials Resources | -11 -10 ----------- Run | Scr Mat Matter Collected 469 | 271 198 Remotely . | . . Salvage Created 755 | 157 598 Parts 38 | 8 30 Haulers Intercepted 1 | . 1 Recyclers Shooed 2 | . 2 Parts Field Recycled . | . . Retrieved Matter . | . . Parts Self-Destructed . | . . Prevented . | . . Kills | -11 -10 ------- Run | Scr Mat Combat Hostiles Destroyed 9 | . 9 Guns 9 | . 9 Classes Destroyed 6 | 2 4 Tunneler 2 | 2 . Hauler 1 | . 1 Recycler 3 | 1 2 Watcher 1 | . 1 Swarmer 2 | . 2 Grunt 7 | . 7 Best Kill Streak 4 | 2 4 Combat Bots Only 3 | . 3 Max Kills in Single Turn 2 | 1 2 Gunslinging 1 | . 1 Exploded . | . . Melee . | . . Uniques/NPCs Destroyed . | . . Combat | -11 -10 -------- Run | Scr Mat Damage Taken 797 | . 797 Core 260 | . 260 Absorbed by Shields . | . . Core Remaining (%) 100 | 100 . Volleys Fired 53 | 7 46 Largest 2 | 2 2 Hottest 80 | 60 80 Shots Fired 106 | 14 92 Gun 106 | 14 92 Cannon . | . . Launcher . | . . Special . | . . Kinetic 42 | 7 35 Thermal . | . . Explosive . | . . Electromagnetic 64 | 7 57 Robot Hit Streak 11 | 11 9 Robot Miss Streak 3 | . 3 Penetration Max . | . . Secondary Targets 2 | . 2 Max Gunslinging Chain 1 | . 1 Shots Hit Robots 68 | 11 57 Core Hits 25 | 3 22 Critical Hits . | . . Critical Kills . | . . Critical Parts Destroyed . | . . Melee Attacks . | . . Impact . | . . Slashing . | . . Piercing . | . . Sneak Attacks . | . . Combat Hostiles . | . . Follow-up Attacks . | . . Damage Inflicted 1221 | 138 1083 Guns 972 | 138 834 Cannons . | . . Explosions 249 | . 249 Melee . | . . Ramming . | . . Kinetic 283 | 42 241 Thermal 155 | . 155 Explosive 94 | . 94 Electromagnetic 689 | 96 593 Impact . | . . Slashing . | . . Piercing . | . . Highest Corruption . | . . Average Corruption . | . . Corruption Purged . | . . Overload Shots . | . . Overflow Damage 95 | . 95 Projectiles . | . . Explosions 95 | . 95 Melee . | . . Knockbacks . | . . Impact . | . . Kinetic . | . . Secondary . | . . Self-Inflicted Damage 153 | . 153 Shots 3 | . 3 Rammed 1 | . 1 Targets Rammed 1 | . 1 Kicked . | . . Crushed . | . . Highest Temperature 117 | . 117 Average Temperature 32 | . 32 Received Heat Transfer 327 | . 327 Siege Activations . | . . Robots Corrupted . | . . Combat Hostiles . | . . Parts Fried 1 | . 1 Impact Corruptions . | . . Robots Melted . | . . Combat Hostiles . | . . Parts Melted . | . . Heat Transferred 150 | . 150 Parts Sabotaged . | . . Parts Stolen . | . . Parts Stripped . | . . Power Chain Reactions 4 | . 4 Missiles Intercepted . | . . Alert | -11 -10 ------- Run | Scr Mat Peak Influence 153 | 15 153 Average Influence 52 | 5 59 Maximum Alert Level . | . . Low Security (%) 100 | 100 100 Level 1 . | . . Level 2 . | . . Level 3 . | . . Level 4 . | . . Level 5 . | . . High Security . | . . Max Security . | . . Squads Dispatched 3 | . 3 Investigation 1 | . 1 Extermination . | . . Reinforcement 2 | . 2 Assault . | . . Garrison . | . . Intercept . | . . Construction Impeded . | . . Haulers Reinforced . | . . Stealth | -11 -10 --------- Run | Scr Mat Distress Signals 4 | . 4 Communications Jammed . | . . Distress Signals . | . . Times Spotted 20 | . 20 Peak Tracking Total 4 | . 4 Tactical Retreats 5 | . 5 Traps | -11 -10 ------- Run | Scr Mat Traps Triggered 1 | . 1 Indirectly . | . . Trap Hack Attempts . | . . Triggered . | . . Disarmed . | . . Reprogrammed . | . . Reused . | . . Traps Extracted . | . . Installed . | . . Triggered 2 | . 2 Machines | -11 -10 ---------- Run | Scr Mat Machines Disabled 2 | . 2 Max in Single Turn 2 | . 2 Machines Sabotaged . | . . Garrisons Compromised . | . . Overloaded Fab Kills . | . . Fab Network Shutdowns . | . . Hacking | -11 -10 --------- Run | Scr Mat Machines Accessed 3 | . 3 Terminals 3 | . 3 Fabricators . | . . Repair Stations . | . . Recycling Units . | . . Scanalyzers . | . . Garrison Access . | . . Total Hacks 9 | . 9 Successful 5 | . 5 Failed 4 | . 4 Catastrophic . | . . Database Lockouts . | . . Manual 7 | . 7 Terminals 9 | . 9 Fabricators . | . . Repair Stations . | . . Recycling Units . | . . Scanalyzers . | . . Garrison Access . | . . Terminal Hacks . | . . Fabricator Hacks . | . . Repair Station Hacks . | . . Recycling Unit Hacks . | . . Scanalyzer . | . . Garrison Access Hacks . | . . Unauthorized Hacks 12 | . 12 Terminals 5 | . 5 Assimilate 2 | . 2 Botnet 3 | . 3 Fabricators . | . . Repair Stations . | . . Recycling Units . | . . Scanalyzers . | . . Garrison Access . | . . Data Cores Recovered . | . . Used . | . . Hacking Detections 3 | . 3 Full Trace Events . | . . Feedback Events . | . . Feedback Blocked . | . . Robot Schematics Acquired . | . . Robots Built . | . . Matter . | . . Time . | . . Total Robot Build Rating . | . . Part Schematics Acquired . | . . Parts Built . | . . Matter . | . . Time . | . . Total Part Build Rating . | . . Parts Repaired . | . . Time . | . . Parts Recycled . | . . Recycled Matter . | . . Retrieved Matter . | . . Retrieved Components . | . . Parts Scanalyzed . | . . Part Schematics Acquired . | . . Parts Damaged . | . . Bothacking | -11 -10 ------------ Run | Scr Mat Used RIF Installer . | . . Robots Hacked . | . . Non-combat . | . . Combat . | . . Robot Hacks Applied . | . . Relay Couplers Released . | . . Robots Rewired . | . . Allies Hacked . | . . Hacks Repelled . | . . Allies | -11 -10 -------- Run | Scr Mat Total Allies . | . . Largest Group . | . . Highest-Rated Group . | . . Highest-Rated Ally . | . . Total Orders . | . . Ally Attacks . | . . Total Damage . | . . Kills . | . . Allies Corrupted . | . . Allies Melted . | . . Intel | -11 -10 ------- Run | Scr Mat Robot Analysis Total . | . . Derelict Logs Recovered . | . . Drone Launches . | . . Drone Recoveries . | . . Exploration | -11 -10 ------------- Run | Scr Mat Turns Passed 830 | 118 712 Spaces Moved 365 | 59 306 Core 25 | 7 18 Treads 340 | 52 288 Legs . | . . Wheels . | . . Hover . | . . Flight . | . . Fastest Speed 50 | 50 100 Average Speed 157 | 146 159 Slowest Speed 200 | 160 200 Overloaded Moves . | . . Propulsion Burnouts . | . . Robots Hopped . | . . Cave-ins Triggered . | . . Exploration Rate (%) 29 | 4 54 Regions Visited 1 Branch Regions . Pre-discovered Areas . | . . Known Exits Taken . | . . Unknown Exits Taken 1 | 1 . Scrap Searched . | . . Spaces Dug . | . . Terrain Destroyed 47 | . 47 Melee . | . . Projectile . | . . AOE 47 | . 47 Actions | -11 -10 --------- Run | Scr Mat Total 510 | 75 435 Wait 59 | . 59 Move 364 | 58 306 Hop . | . . Pick Up 13 | 4 9 Fast Attach 7 | 3 4 Attach 7 | 3 4 Detach . | . . Swap 3 | . 3 Drop 3 | . 3 Fire 53 | 7 46 Melee . | . . Ram . | . . Kick . | . . Crush 1 | . 1 Escape Stasis . | . . Rewire . | . . Trap . | . . Miscellaneous . | . . Route ------- -11/Scrapyard -10/Materials (discovered 2 exits: [*Min x2]) History --------- Turn | Location | Event 2 | -11/Scrapyard | Met Revision 17 34 | -11/Scrapyard | Discovered new exit (range 15) 119 | -11/Scrapyard | Entered Materials 119 | -10/Materials | Discovered new exit (range 7) 302 | -10/Materials | Build established: Mutant 558 | -10/Materials | Discovered new exit (range 11) 599 | -10/Materials | Core integrity fell below 50% 740 | -10/Materials | Core integrity fell below 20% 770 | -10/Materials | Lost 3 parts (1p1n1w) 831 | -10/Materials | Destroyed by G-47 Trooper with Particle Gun Last Messages --------------- 00777_ Acquired Lgt. Treads. 00780_ R-06 Scavenger collects EM Pulse Gun. 00782_ R-06 Scavenger collects Signal Interpreter. 00784_ Acquired Lgt. Treads. 00786_ R-06 Scavenger collects EM Pulse Gun. 00786_ W-16 Scout destroyed. 00786_ Door malfunctions. 00788_ R-06 Scavenger collects Lgt. Ion Engine. 00789_ Dropped Sml. Laser. 00789_ ALERT: Hostiles spotted, dispatching reinforcements to Terminal M003. 00790_ R-06 Scavenger collects Power Shielding. 00792_ R-06 Scavenger collects EM Pulse Gun. 00795_ Acquired Signal Interpreter. 00799_ Acquired 50 matter. 00800_ Chain reaction triggered in Lgt. Ion Engine. 00800_ Destroyed Com. Wheel. 00800_ Door malfunctions. 00803_ R-06 Scavenger destroyed. 00830_ W-16 Scout sends out distress signal. Map ----- +----------------------------------------------------+ | ???????????????????????????????? + """ %### | | ???????????????????????????? ????# ### | | ???????????????????????????????? # # | | ?????????????????????????????? ??# """ # | | ?????????????????????????????? ??# """ + | | ?????????????????????????????????# """ # | | ????????????????????????????? ???## """ # | | ??????????????????????????????#???# % #### | | ???????????????????????????????#??# "#?# | | ??????????????????????????????????# =T#?? | | ??????????????????????????????????# %"#?? | | ??????????????????????????????????#"" *#### | | ??????????????????????????????????#"T # | | ??????????????????????????????##??#"" | | ?????????????????????????????????## # | | ?????????????????????? ??????????# #### | | ????????????????????????????? ????# #### #?## | | ?????????????????????????????????# ???#+#### | | ??????????????????????????? ??#??# ??# | | ?????????????????????????????????# ????# """ | | ????????????????????? ??????????##